 Dungeon Crawl Stone Soup version 0.32-a0-540-g866d13106e (webtiles) character file.

Game seed: 15669931680473497341

652 retardedninja the Chopper (level 7, 0/63 HPs)
             Began as a Mountain Dwarf Fighter on Feb 28, 2024.
             Succumbed to an orc wizard's poison
             ... on level 5 of the Dungeon.
             The game lasted 00:05:11 (3676 turns).

retardedninja the Chopper (Mountain Dwarf Fighter)  Turns: 3676, Time: 00:05:11

Health: 0/63       AC: 11    Str: 21    XL:     7   Next: 28%
Magic:  7/7        EV:  9    Int: 14    God:
Gold:   296        SH:  4    Dex:  9    Spells: 6/6 levels left

rFire   . . .        a - +0 war axe
rCold   + . .        c - +0 buckler
rNeg    . . .        b - +0 scale mail
rPois   .            (no helmet)
rElec   .            f - +2 cloak
rCorr   .            (no gloves)
SInv    .            r - +0 pair of boots
Will    +....        (no amulet) Stlth
                     h - ring of protection from cold
HPRegen 0.30/turn    n - +6 ring of intelligence
MPRegen 0.10/turn

%: no passive effects
@: lethally poisoned (0 -> -4), on berserk cooldown, enlightened, flying,
slowed, very slow
A: runic magic, artefact enchanting
a: no special abilities


You were on level 5 of the Dungeon.
You visited 1 branch of the dungeon, and saw 5 of its levels.

You collected 296 gold pieces.

Inventory:

Hand Weapons
 a - a +0 war axe (weapon)
Missiles
 e - 4 silver javelins (quivered)
Armour
 b - a +0 scale mail (worn)
 c - a +0 buckler (worn)
 f - a +2 cloak (worn)
 r - a +0 pair of boots (worn)
Jewellery
 h - a ring of protection from cold (left hand)
 n - a +6 ring of intelligence (right hand)
Talismans
 u - a blade talisman
Wands
 v - a wand of warping (14)
Scrolls
 i - 2 scrolls of blinking {unknown}
 l - 2 scrolls of enchant weapon {unknown}
 o - 2 scrolls of teleportation {unknown}
 p - a scroll of poison {unknown}
 t - 2 scrolls of noise {unknown}
 y - a scroll of revelation {unknown}
 A - a scroll of immolation {unknown}
 B - a scroll of identify
Potions
 d - a potion of might
 g - 2 potions of heal wounds
 j - a potion of lignification
 k - a potion of invisibility
 m - a potion of curing {unknown}
 s - 2 potions of magic
 x - a potion of attraction
 z - a potion of mutation {unknown}


   Skills:
 * Level 6.0 Fighting
 * Level 6.0 Axes
 + Level 4.8 Armour
 + Level 4.8 Shields


You had 6 spell levels left.
You didn't know any spells.
Your spell library contained the following spells:

 Spells                   Type           Power      Damage    Failure   Level
 Sting                    Conj/Alch      0%         1d3       41%         1
 Mercury Vapours          Alch/Air       0%         N/A       54%         2
 Mephitic Cloud           Conj/Alch/Air  0%         N/A       78%         3
 Olgreb's Toxic Radiance  Alch           0%         N/A       99%         4
 Freezing Cloud           Conj/Ice/Air   0%         6-21      100%        5


Dungeon Overview and Level Annotations

Branches:
Dungeon (5/15)
 Temple: D:4-7

Altars:
Qazlal

Annotations:
D:4 3 runed translucent doors, yleetSyT's ghost, amateur SpEn


Innate Abilities, Weirdness & Mutations

Your spellcasting is much less encumbered by armour.
You can use scrolls of enchantment on lesser artefacts.


Message History

You are too berserk!
You closely miss something.
* * * LOW HITPOINT WARNING * * *
You feel very sick.
You slice something!!
Reactivating autopickup.
You feel a bit more experienced.
* * * LOW HITPOINT WARNING * * *
You feel very sick.
Your Fighting skill increases to level 6!
Your Axes skill increases to level 6!
You slice the orc!!
You kill the orc!
* * * LOW HITPOINT WARNING * * *
You feel very sick.
You slash the orc!
You kill the orc!
* * * LOW HITPOINT WARNING * * *
You feel very sick.
You slice the orc!!
You kill the orc!
* * * LOW HITPOINT WARNING * * *
You feel sick.
* * * LOW HITPOINT WARNING * * *
You feel sick.
Items here: )))) [[[ †.
You feel a strong urge to attack something.
* * * LOW HITPOINT WARNING * * *
You feel sick.
* * * LOW HITPOINT WARNING * * *
You feel sick.
You feel your anger nearly subside.
You are no longer berserk.
You are exhausted.
You feel yourself slow down.
* * * LOW HITPOINT WARNING * * *
You feel sick.
It was a potion of enlightenment.
You feel very buoyant.
You fly up into the air.
You die...

............+.............
.#.###......#....#.#†.....
#..........#.............
.#######....######........
..........................
###########.#######...#...
........#.# ##......
#.....#.# #..#.#. #..@#.#
#..#.#. ##..#.# #..#...
#..#.# #...... ##)#.#
#...### #)#.# ###..<...
#.#.# #........
###.###.#.# #........
........#.# ##.......#
..........# ...........


There were no monsters in sight!

Vanquished Creatures
  Menkaure (D:4)
  A black bear (D:5)
  2 scorpions (D:4)
  A howler monkey (D:3)
  2 hounds (D:4)
  2 orc wizards
  3 gnolls (D:3)
  5 adders
  A white imp (D:4)
  3 dart slugs (D:1)
  9 orcs
  3 bats (D:1)
  7 endoplasms
  4 giant cockroaches
  4 hobgoblins
  A quokka (D:3)
  6 ball pythons
  2 frilled lizards
  4 goblins
  5 kobolds
  8 rats
74 creatures vanquished.

Vanquished Creatures (others)
  An orc wizard (D:5)
1 creature vanquished.

Grand Total: 75 creatures vanquished

Notes
Turn   | Place    | Note
-------+----------+-------------------------------------------
     0 | D:1      | retardedninja the Mountain Dwarf Fighter began the quest
                  | for the Orb.
     0 | D:1      | Reached XP level 1. HP: 19/19 MP: 1/1
   212 | D:1      | Reached XP level 2. HP: 26/26 MP: 2/2
   578 | D:1      | Found a faded altar of an unknown god.
   676 | D:1      | Reached XP level 3. HP: 31/33 MP: 3/3
  1544 | D:3      | Reached XP level 4. HP: 24/40 MP: 4/4
  1847 | D:3      | Reached XP level 5. HP: 39/47 MP: 5/5
  2615 | D:4      | Found a stormy altar of Qazlal.
  2648 | D:4      | Reached skill level 5 in Fighting
  2648 | D:4      | Reached XP level 6. HP: 42/56 MP: 6/6
  2661 | D:4      | Reached skill level 5 in Axes
  2810 | D:4      | Noticed Menkaure
  2819 | D:4      | Killed Menkaure
  2976 | D:4      | Found a runed translucent gate.
  2976 | D:4      | Found a runed translucent gate.
  2976 | D:4      | Found a runed translucent gate.
  2977 | D:4      | Noticed yleetSyT's ghost (amateur SpEn)
  3391 | D:5      | Entered Level 5 of the Dungeon
  3510 | D:5      | Reached XP level 7. HP: 60/62 MP: 7/7
  3674 | D:5      | HP: 4/94 [poisoned by an orc wizard]
  3676 | D:5      | Succumbed to an orc wizard's poison

Illustrated notes

Levels and vault maps discovered:
D:1:      dpeg_arrival_central, layout_basic, shapermc_ecumenical_altar_venn
D:2:      layout_basic
D:3:      layout_basic, roderic_roman_lattice
D:4:      layout_rooms, lemuel_doored_altar, gammafunk_ghost_nasty_kobolds,
          uniq_menkaure
D:5:      minmay_recursive_quarters, layout_basic,
          minmay_temple_entry_proselytizer, minmay_statues_item,
          minmay_pentangle

Skill      XL: |  1  2  3  4  5  6  7 |
---------------+----------------------+-----
Axes           | 3 4 5 6 |  6.0
Fighting       | 4 5 6 |  6.0
Armour         | 4 |  4.8
Shields        | 4 |  4.8

Action                     |  1- 3 |  4- 6 |  7- 9 || total
---------------------------+-------+-------+-------++-------
  Melee: War axe           |   111 |   111 |    35 ||   257
  Throw: Javelin           |     1 |       |       ||     1
    Use: Potion            |       |     1 |     3 ||     4
         Scroll            |       |     5 |       ||     5
 Armour: Scale mail        |    84 |    93 |    41 ||   218
  Dodge: Dodged            |    52 |    63 |     7 ||   122
  Block: Buckler           |    20 |    38 |     3 ||    61

Table legend: (Time is in decaauts)
 A = Elapsed time spent in this place.
 B = Non-inter-level travel time spent in this place.
 C = Inter-level travel time spent in this place.
 D = Time resting spent in this place.
 E = Time spent auto-exploring this place.
 F = Levels seen in this place.
 G = Mean time per level.
                   A        B        C        D        E       F      G
               +--------+--------+--------+--------+--------+-----+--------+
         Total |   3754 |   3669 |     85 |     36 |   2943 |   5 |  750.8 |
       Dungeon |   3754 |   3669 |     85 |     36 |   2943 |   5 |  750.8 |
               +--------+--------+--------+--------+--------+-----+--------+

Top non-repeatable levels by time:
     D:3: 1053 daAuts
     D:1: 890 daAuts
     D:4: 842 daAuts
     D:2: 677 daAuts
     D:5: 291 daAuts
